Map: Blackrock LE

Players

GhostRobo

  • Race: Terran Terran
  • League: Silver

A.I. 1 (Elite)

  • Race: Zerg Zerg

VOD

Have the link to the VOD?

Description

Time

  • Played on: July 8, 2026, 2:56 p.m.
  • Length: 17:41
Show
View Real Time Build Order
Export as new Build Order

GhostRobo Terran 

Build Orders: Reaper Expand 

Get SALT Encoding   

  8  0:00  SCV  
  9  0:13  SCV  
  10  0:26  SCV  
  11  0:29  Supply Depot  
  11  0:38  SCV  
  12  0:50  SCV  
  13  1:02  Barracks, SCV  
  14  1:08  Refinery  
  14  1:16  SCV  
  15  1:28  SCV  
  16  1:41  SCV  
  17  1:53  Orbital Command  
  17  1:58  Reaper  
  18  2:16  Command Center  
  18  2:18  SCV  
  19  2:30  SCV  
  20  2:40  Marine  
  20  2:41  Supply Depot  
  21  3:03  SCV  
  22  3:06  Barracks Reactor  
  22  3:15  SCV  
  23  3:23  Factory  
  23  3:27  SCV  
  24  3:39  Refinery, SCV  
  24  3:41  Orbital Command  
  25  3:46  Supply Depot  
  25  3:48  Marine  
  25  3:49  Marine  
  25  3:55  SCV  
  28  4:07  SCV  
  29  4:12  Starport  
  29  4:19  SCV  
  29  4:21  Factory Tech Lab  
  29  4:23  Marine  
  31  4:24  Marine  
  31  4:27  Supply Depot  
  31  4:31  SCV  
  33  4:36  Barracks  
  33  4:37  Barracks  
  33  4:40  SCV  
  33  4:42  Command Center  
  33  4:44  SCV  
  35  4:52  Starport Reactor  
  35  4:53  SCV  
  35  4:55  Marine  
  35  4:56  Marine  
  38  5:04  SCV  
  38  5:05  SCV, Engineering Bay  
  38  5:07  Engineering Bay  
  40  5:14  Siege Tank  
  40  5:17  SCV  
  40  5:18  SCV  
  45  5:25  Barracks Tech Lab x2  
  45  5:29  SCV  
  45  5:30  Supply Depot  
  45  5:32  SCV  
  45  5:33  Supply Depot  
  45  5:35  Marine x2  
  48  5:40  Medivac  
  51  5:46  Terran Infantry Weapons Level 1, Terran Infantry Armor Level 1  
  51  5:48  SCV  
  51  5:49  SCV  
  53  5:57  Supply Depot  
  53  6:00  SCV  
  53  6:01  SCV  
  53  6:02  Siege Tank  
  58  6:04  Marine x3  
  58  6:05  Marine  
  62  6:13  SCV x2  
  62  6:16  Refinery  
  62  6:17  Refinery  
  64  6:25  SCV x2  
  66  6:28  Marine x2  
  66  6:29  Marauder  
  66  6:30  Marauder  
  72  6:32  Stimpack  
  72  6:35  Orbital Command  
  72  6:37  SCV x2  
  74  6:49  SCV x2  
  74  6:51  Marauder  
  78  7:01  SCV x2  
  79  7:05  Barracks, SCV  
  79  7:06  Armory  
  79  7:07  Barracks  
  81  7:13  SCV x2  
  83  7:16  Siege Tank  
  83  7:17  Medivac, SCV  
  83  7:19  Marine x2  
  83  7:21  Combat Shield  
  91  7:25  SCV x2, Marine  
  91  7:26  Marine  
  95  7:39  Supply Depot  
  95  7:44  Medivac, SCV x3, Supply Depot  
  100  7:48  Siege Tank  
  103  7:56  Barracks Reactor x2  
  103  8:00  Marine x2  
  103  8:01  SCV x3  
  108  8:13  SCV x3, Marine x2  
  108  8:18  Marine x2  
  115  8:20  Siege Tank  
  115  8:25  SCV  
  115  8:26  Refinery  
  119  8:28  Refinery  
  119  8:33  Supply Depot  
  119  8:34  Supply Depot  
  119  8:35  Terran Infantry Weapons Level 2  
  119  8:36  Supply Depot  
  119  8:54  Siege Tank, SCV  
  119  8:55  Marauder x2, Supply Depot, Marine x4  
  127  8:56  SCV  
  132  9:07  Supply Depot  
  132  9:13  Marine x2  
  132  9:16  Marine x2  
  136  9:20  Marine, Command Center  
  136  9:21  Marine x3  
  136  9:22  Medivac  
  141  9:26  Siege Tank  
  143  9:31  Marine  
  143  9:33  Marine x2  
  132  9:46  Marine x4  
  132  9:47  Marine  
  132  9:48  Medivac  
  132  9:49  Marine  
  132  9:51  Marine x2  
  140  9:52  Medivac  
  140  9:57  SCV x3  
  140  9:59  Siege Tank  
  148  10:04  Marine x5  
  153  10:07  Marine  
  153  10:09  SCV, Terran Infantry Armor Level 2  
  153  10:10  Marauder x2  
  159  10:14  Terran Vehicle Weapons Level 1  
  159  10:21  Supply Depot  
  159  10:22  Supply Depot  
  159  10:23  Supply Depot  
  159  10:32  Marine x6, Medivac, SCV, Marauder x2  
  172  10:43  Siege Tank  
  172  10:45  Supply Depot x2  
  172  10:48  Supply Depot  
  175  10:50  Marine x6  
  175  10:53  Marine x2  
  179  11:07  Marine x4  
  179  11:08  Marine x2  
  179  11:10  Medivac x2  
  189  11:12  Marauder x2  
  189  11:15  Siege Tank  
  194  11:25  Marine x5  
  194  11:26  Marine  
  200  11:48  Command Center  
  200  11:57  Barracks  
  200  11:58  Barracks  
  200  11:59  Barracks  
  182  12:18  Marine x7  
  182  12:20  Siege Tank, Medivac x2  
  180  12:36  Marine x7  
  187  12:40  Marine  
  187  12:41  SCV x3  
  188  12:46  Planetary Fortress  
  188  12:50  Medivac x2  
  191  12:52  Siege Tank  
  191  12:53  SCV x3  
  191  12:54  Marine x2  
  191  12:58  Marine  
  200  13:11  Command Center  
  200  13:12  Command Center  
  195  13:20  Medivac x2  
  195  13:24  Siege Tank  
  185  13:50  Medivac x2  
  179  14:05  Marine x6  
  179  14:06  Marine x2, Siege Tank  
  190  14:20  Medivac x2  
  190  14:23  Marine x5  
  199  14:25  Planetary Fortress  
  199  14:31  Planetary Fortress  
  198  14:33  Terran Infantry Weapons Level 3  
  198  14:34  Terran Infantry Armor Level 3, Terran Vehicle Weapons Level 2  
  198  14:50  Medivac  
  200  15:31  Planetary Fortress  
  200  15:52  Barracks Tech Lab  
  200  15:53  Barracks Reactor  
  200  15:59  Barracks Reactor  
Show
View Real Time Build Order
Export as new Build Order

A.I. 1 (Elite) Zerg 

Build Orders: Pool First 

Get SALT Encoding   

  8  0:00  Drone  
  9  0:11  Drone  
  10  0:16  Drone  
  11  0:21  Drone  
  12  0:33  Overlord  
  12  0:51  Drone x3  
  15  1:01  Drone  
  16  1:10  Spawning Pool  
  15  1:12  Drone  
  16  1:21  Drone  
  17  1:41  Hatchery  
  17  1:42  Drone  
  17  1:44  Extractor  
  16  1:47  Drone  
  16  1:51  Drone  
  18  2:00  Drone  
  19  2:10  Overlord  
  19  2:20  Drone  
  20  2:28  Queen  
  22  2:30  Zergling x2  
  22  2:32  Extractor  
  21  2:40  Drone  
  22  2:50  Drone  
  23  2:52  Queen, Drone  
  26  3:00  Drone  
  26  3:02  Drone  
  28  3:10  Drone  
  29  3:21  Drone  
  29  3:24  Zergling x2  
  31  3:28  Zergling x2  
  31  3:30  Roach Warren  
  31  3:34  Overlord  
  31  3:37  Drone  
  32  3:52  Drone x2  
  34  4:08  Lair  
  34  4:10  Overlord, Roach x3  
  40  4:19  Overlord  
  40  4:28  Zergling x6, Roach  
  40  4:29  Drone  
  40  4:31  Drone  
  47  4:34  Drone  
  47  4:37  Drone  
  49  4:38  Drone  
  49  4:43  Overlord  
  50  4:47  Roach  
  50  4:50  Roach  
  54  4:54  Roach  
  56  5:01  Overlord, Roach  
  58  5:09  Hydralisk Den  
  58  5:12  Drone  
  58  5:14  Drone  
  58  5:16  Drone  
  58  5:18  Drone  
  58  5:20  Drone  
  62  5:24  Overlord  
  62  5:26  Drone  
  63  5:28  Drone  
  63  5:31  Drone  
  63  5:32  Drone  
  63  5:34  Drone  
  67  5:36  Drone  
  67  5:38  Drone  
  67  5:40  Hydralisk, Drone  
  72  5:44  Overlord  
  72  5:47  Hydralisk  
  75  5:50  Drone  
  75  5:51  Drone  
  75  5:53  Drone  
  75  5:54  Drone  
  78  6:01  Drone  
  79  6:05  Infestation Pit  
  79  6:06  Overlord  
  79  6:07  Drone  
  79  6:10  Roach  
  81  6:12  Roach  
  81  6:14  Metabolic Boost  
  83  6:20  Evolution Chamber  
  83  6:21  Drone  
  83  6:24  Overlord  
  83  6:35  Evolution Chamber  
  83  6:36  Drone  
  83  6:38  Evolution Chamber  
  83  6:39  Drone  
  83  6:41  Infestor  
  83  6:42  Hatchery  
  84  6:47  Zerg Melee Weapons Level 1, Drone  
  85  6:57  Extractor  
  85  6:58  Drone  
  85  6:59  Infestor, Extractor  
  85  7:00  Zerg Missile Weapons Level 1  
  86  7:04  Zerg Ground Armor Level 1  
  86  7:16  Spine Crawler  
  86  7:18  Spine Crawler  
  86  7:19  Overseer, Drone x2  
  86  7:20  Drone x2  
  86  7:22  Drone x3  
  91  7:23  Overlord, Ravager  
  91  7:26  Roach  
  94  7:33  Ravager  
  94  7:35  Roach  
  97  7:40  Hydralisk  
  97  7:42  Overlord  
  99  7:44  Hydralisk  
  101  7:54  Queen, Drone x3  
  101  7:55  Drone x4  
  101  7:56  Drone x4  
  113  8:00  Drone  
  113  8:03  Overlord  
  113  8:04  Extractor  
  113  8:05  Drone  
  114  8:10  Drone, Glial Reconstitution  
  115  8:13  Infestor, Drone x2  
  115  8:14  Roach  
  115  8:15  Drone  
  122  8:20  Drone  
  122  8:21  Overlord, Drone x2  
  122  8:23  Drone  
  122  8:26  Drone  
  127  8:30  Baneling Nest  
  127  8:31  Drone  
  127  8:33  Drone  
  128  8:36  Zergling x2  
  128  8:40  Overlord  
  129  8:43  Zergling x2  
  129  8:44  Zerg Melee Weapons Level 2, Zergling x2  
  129  8:45  Zergling x4, Infestor  
  135  8:50  Extractor  
  135  8:52  Roach x2, Drone  
  139  8:56  Spore Crawler, Drone, Zerg Missile Weapons Level 2  
  139  8:58  Overlord  
  139  9:01  Zergling x2  
  139  9:07  Spore Crawler  
  139  9:08  Drone, Zerg Ground Armor Level 2  
  139  9:17  Overlord  
  139  9:18  Spine Crawler, Drone  
  139  9:22  Baneling x2, Zergling x2  
  140  9:33  Neural Parasite  
  140  9:35  Hatchery  
  140  9:36  Drone  
  140  9:39  Roach  
  140  9:40  Baneling  
  140  9:41  Roach  
  140  9:43  Zergling x8, Roach  
  140  9:44  Roach, Zergling x2  
  140  9:45  Zergling x2, Roach x2  
  135  9:46  Zergling x2  
  135  9:47  Zergling x2, Roach  
  135  9:48  Hydralisk x2, Zergling x2  
  135  9:50  Hydralisk, Roach  
  135  9:51  Roach  
  123  9:55  Overseer  
  123  10:01  Infestor  
  123  10:05  Spine Crawler  
  125  10:07  Baneling, Zergling x2, Spine Crawler  
  125  10:08  Baneling  
  125  10:10  Ravager  
  125  10:12  Roach  
  127  10:15  Hydralisk  
  129  10:24  Infestor  
  129  10:25  Zergling x4, Baneling x3  
  129  10:26  Baneling  
  129  10:27  Zergling x2, Baneling  
  134  10:29  Baneling  
  134  10:40  Queen  
  136  10:44  Infestor  
  136  10:45  Overlord, Spore Crawler  
  136  10:46  Roach  
  136  10:47  Spore Crawler  
  136  10:48  Drone x3, Roach  
  136  10:49  Drone x2, Spine Crawler, Roach  
  146  10:50  Spore Crawler, Drone  
  146  10:56  Zergling x2, Centrifugal Hooks  
  147  10:57  Zergling x2, Extractor  
  147  10:59  Zergling x2, Drone  
  147  11:00  Zergling x2  
  147  11:01  Zergling x2  
  147  11:02  Extractor  
  147  11:03  Zergling x2, Baneling x2, Drone  
  147  11:04  Baneling x4, Zergling x4  
  146  11:21  Spine Crawler  
  146  11:22  Drone, Spore Crawler  
  146  11:24  Drone, Baneling, Zergling x2, Spine Crawler  
  146  11:26  Baneling x2, Drone, Zergling x2  
  146  11:28  Hive, Baneling x2, Zergling x2  
  146  11:30  Hydralisk  
  145  11:38  Infestor  
  147  12:05  Spine Crawler  
  147  12:06  Drone  
  147  12:07  Spore Crawler  
  147  12:08  Hatchery, Drone  
  142  12:09  Queen, Drone, Zergling x2  
  142  12:10  Zergling x6, Hydralisk x2  
  142  12:11  Zergling x2, Overlord  
  142  12:12  Spore Crawler, Zergling x2  
  142  12:13  Drone, Lurker Den  
  142  12:15  Drone  
  136  12:19  Roach, Spire  
  136  12:22  Drone  
  104  12:23  Spine Crawler  
  104  12:25  Drone  
  104  12:26  Roach  
  104  12:27  Roach  
  104  12:28  Roach  
  104  12:29  Roach  
  107  12:31  Zergling x2  
  107  12:33  Hydralisk, Zergling x2  
  107  12:36  Zergling x2  
  102  12:37  Zergling x2  
  102  12:39  Zerg Melee Weapons Level 3  
  102  12:41  Ravager  
  104  12:46  Zergling x2  
  104  12:48  Zergling x2  
  104  12:51  Zergling x2  
  105  12:52  Zergling x2, Roach  
  99  13:02  Baneling x2  
  99  13:05  Roach  
  99  13:06  Baneling  
  99  13:08  Roach  
  99  13:11  Roach  
  101  13:13  Hydralisk  
  101  13:14  Drone  
  101  13:15  Drone  
  101  13:18  Drone  
  101  13:19  Zergling x4, Hydralisk, Drone x2  
  96  13:21  Roach  
  96  13:23  Roach  
  96  13:26  Hydralisk  
  79  13:27  Greater Spire  
  79  13:28  Drone, Corruptor  
  21  14:09  Drone x3, Zergling x4, Roach  
  24  14:14  Drone  
  21  14:19  Drone  
  20  14:26  Drone  
  16  14:34  Drone  
  9  14:54  Drone  
  7  15:15  Drone  
  7  15:25  Drone  
  6  15:30  Drone  
  5  15:50  Drone  
  6  15:59  Drone  
  6  16:00  Drone  
  7  16:10  Drone  
  4  16:26  Drone x2  
  3  16:37  Drone x2  
  3  16:38  Drone  
  3  16:45  Drone  
  3  17:13  Drone  
  3  17:14  Drone  
  5  17:21  Drone  
Tags
 
Add a new tag
Caveats
  • Supply blocks, unpowered buildings, or Contaminate may cause inaccurate times.
  • Supply counts are checked every 10 seconds.